 Dungeon Crawl Stone Soup version 0.21-a0-142-gdd972a7 (webtiles) character file.

37 sagitran the Skirmisher (level 3, -1/29 HPs)
             Began as a Demonspawn Abyssal Knight on July 24, 2017.
             Was a Follower of Lugonu.
             Killed by nerve-wracking pain
             ... invoked by Jessica
              (8 damage)
             ... on level 2 of the Dungeon.
             The game lasted 00:04:45 (1008 turns).

sagitran the Skirmisher (Demonspawn Abyssal Knight) Turns: 1008, Time: 00:04:46

Health: -1/29      AC:  6    Str: 13    XL:     3   Next: 21%
Magic:  5/5        EV:  9    Int: 13    God:    Lugonu [*.....]
Gold:   27         SH:  0    Dex: 12    Spells: 2/2 levels left

rFire    + . .     SeeInvis .   a - +1 hand axe
rCold    + . .     Gourm    .   (no shield)
rNeg     . . .     Faith    .   k - +0 scale mail
rPois    .         Spirit   .   (helmet restricted)
rElec    .         Reflect  .   j - scarf {rC+ rF+}
rCorr    .         Harm     .   (no gloves)
MR       .....                  (no boots)
Stlth    ..........             (no amulet)
HPRegen  0.09/turn              (no ring)
MPRegen  0.09/turn              (no ring)

@: no status effects
A: horns 1, powered by pain 1
a: Depart the Abyss, Renounce Religion


You were on level 2 of the Dungeon.
You worshipped Lugonu.
Lugonu was aware of your devotion.
You were not hungry.

You visited 1 branch of the dungeon, and saw 2 of its levels.
You visited the Abyss 1 time.

You collected 27 gold pieces.

Inventory:

Hand Weapons
 a - a +1 hand axe (weapon)
Armour
 b - a +0 leather armour
 j - a scarf of resistance (worn)
 k - a +0 scale mail (worn)
Scrolls
 d - a scroll of identify {unknown}
 f - a scroll of immolation {unknown}
 i - a scroll of teleportation {unknown}
 m - a scroll of remove curse {unknown}
Potions
 e - 2 potions of curing {unknown}
 h - a potion of mutation {unknown}
 l - a potion of brilliance {unknown}
Comestibles
 c - a bread ration
 g - 4 fruits


   Skills:
 + Level 3.4 Fighting
 + Level 2.2 Axes
 + Level 2.1 Armour
 + Level 1.2 Dodging
 + Level 2.7 Invocations


You had 2 spell levels left.
You didn't know any spells.

Dungeon Overview and Level Annotations

Branches:
Dungeon (2/15)

Altars:

Annotations:
D:2 Jessica


Innate Abilities, Weirdness & Mutations

You have a pair of small horns on your head.
You sometimes gain a little power by taking damage.


Message History

You headbutt the worm, but do no damage.
The worm is heavily wounded.
The worm bites you.
You hit the worm.
The worm is heavily wounded.
The worm bites you!
* * * LOW HITPOINT WARNING * * *
Jessica shouts!
The worm misses you.
You hit the worm.
The worm is severely wounded.
The worm bites you.
* * * LOW HITPOINT WARNING * * *
You hit the worm. You headbutt the worm.
You kill the worm!
Lugonu accepts your kill.
You see here a worm corpse.
Jessica casts a spell at you. Pain shoots through your body!
You die...

######### .......
..... ######## ...
.......# #.# .......#
#@# ..w.r..# ###.###
....<@.#######.....#
...@........#......#
.......####.#@#....#
.......# #........##
######## ##.........#
##########..........#
........†...........#


You could see Jessica.

Vanquished Creatures
  A worm (D:2)
  A dart slug (D:2)
  4 bats
  A giant cockroach (D:1)
  2 goblins (D:1)
  6 hobgoblins
  4 jackals (D:1)
  A quokka (D:2)
  A frilled lizard (D:1)
  8 rats
29 creatures vanquished.

Notes
Turn   | Place    | Note
-------+----------+-------------------------------------------
     0 | Abyss:1  | sagitran the Demonspawn Abyssal Knight began the quest for the Orb.
     0 | Abyss:1  | Reached XP level 1. HP: 18/18 MP: 2/2
     2 | D:1      | Escaped the Abyss
   220 | D:1      | Gained mutation: You sometimes gain a little power by taking damage. [demonic ancestry]
   220 | D:1      | Reached XP level 2. HP: 12/24 MP: 3/3
   257 | D:1      | Reached * piety under Lugonu
   580 | D:2      | Noticed Jessica
   833 | D:1      | Reached skill level 1 in Dodging
   913 | D:2      | Gained mutation: You have a pair of small horns on your head. [demonic ancestry]
   913 | D:2      | Reached XP level 3. HP: 15/29 MP: 5/5
  1008 | D:2      | Killed from afar by Jessica

Vault maps used:
D:1:      dpeg_arrival_prison
D:2:      lemuel_crystal_altar, tgw_xom, uniq_jessica

Skill      XL: |  1  2 |
---------------+-------+-----
Armour         | 2 |  2.1
Axes           | 2 |  2.2
Dodging        | 1 |  1.2
Fighting       | |  3.4
Invocations    | |  2.7

Action                   || total
-------------------------++-------
Melee: Hand axe          ||    88
       Headbutt          ||     5
Invok: Depart the Abyss  ||     1
Armor: Leather armour    ||    14
       Scale mail        ||    18
Dodge: Dodged            ||    60
